 Dungeon Crawl Stone Soup version 0.26-a0-597-gb535b0901c (webtiles) character file.

Game seed: 6012065009712677377

121885 kobby the Covert (level 16, -3/116 HPs)
             Began as a Gnoll Delver on Aug 31, 2020.
             Was the Champion of Okawaru.
             Drowned by a water nymph (11 damage)
             ... on level 2 of the Shoals.
             The game lasted 01:39:28 (32623 turns).

kobby the Covert (Gnoll Delver)                    Turns: 32623, Time: 01:39:29

Health: -3/116     AC: 38    Str: 21    XL:     16   Next: 86%
Magic:  21/31      EV: 22    Int: 13    God:    Okawaru [******]
Gold:   679        SH: 15    Dex: 20    Spells: 28/37 levels left

rFire    x . .     SeeInvis +   F - +7 demon blade (flame)
rCold    + + .     Faith    .   T - +2 buckler {AC+3}
rNeg     + . .     Spirit   .   c - +8 ice dragon scales of Precision Catastrophes {rF- rC++ Dex+3 SInv}
rPois    .         Reflect  +   n - +2 helmet
rElec    +         Harm     .   k - +1 cloak {MR+}
rCorr    .         Clarity  +   q - +0 pair of gloves of Anarchy {rElec rN+}
MR       ++...                  H - +1 pair of boots {Stlth+}
Stlth    ++........             C - amulet of reflection
HPRegen  0.29/turn              Q - +4 ring of protection
MPRegen  0.22/turn              G - +4 ring of evasion

@: about to teleport, very slow
A: distributed training, fangs 1, clarity, frail 1, strong nose
a: Heroism, Finesse, Renounce Religion


You were on level 2 of the Shoals.
You worshipped Okawaru.
Okawaru was exalted by your worship.
You visited 5 branches of the dungeon, and saw 27 of its levels.

You collected 3141 gold pieces.
You spent 2462 gold pieces at shops.

Inventory:

Hand Weapons
 f - the +7 glaive of Collusion {venom, rElec MR+ Dex+3}
   (Okawaru gifted it to you on level 13 of the Dungeon)

   It poisons the flesh of those it strikes.
   It affects your dexterity (+3).
   It insulates you from electricity.
   It affects your resistance to hostile enchantments.
 F - a +7 demon blade of flaming (weapon)
 N - the +4 lajatang of Luxtil {pain, rElec MR+ Int+3 Dex-2}
   (Okawaru gifted it to you on level 1 of the Lair of Beasts)

   In the hands of one skilled in necromantic magic, it inflicts extra damage on
   living creatures.
   It affects your intelligence (+3).
   It affects your dexterity (-2).
   It insulates you from electricity.
   It affects your resistance to hostile enchantments.
Armour
 c - the +8 ice dragon scales of Precision Catastrophes (worn) {rF- rC++ Dex+3 SInv}
   (You bought it in a shop on level 1 of the Orcish Mines)

   It affects your dexterity (+3).
   It makes you vulnerable to fire.
   It greatly protects you from cold.
   It lets you see invisible.
 k - a +1 cloak of magic resistance (worn)
 n - a +2 helmet (worn)
 o - the +1 scale mail "Zeomaken" {rElec rPois Str-4 Int-3}
   (You found it on level 9 of the Dungeon)

   It affects your strength (-4).
   It affects your intelligence (-3).
   It insulates you from electricity.
   It protects you from poison.
 q - the +0 pair of gloves of Anarchy (worn) {rElec rN+}
   (Okawaru gifted it to you on level 11 of the Dungeon)

   It insulates you from electricity.
   It protects you from negative energy.
 s - a scarf of harm
 t - +1 pearl dragon scales
 y - a +2 cloak
 B - a +0 helmet
 D - the +0 chain mail "Amocegur" {*Corrode rC+ Str+2 Slay+3, unknown}
   (Okawaru gifted it to you on level 3 of the Shoals)

   It affects your strength (+2).
   It affects your accuracy and damage with ranged weapons and melee attacks
   (+3).
   It protects you from cold.
   It may corrode you when you take damage.
 E - +0 gold dragon scales
 H - a +1 pair of boots of stealth (worn)
 T - a +2 buckler of protection (worn)
Jewellery
 j - an uncursed ring of fire
 v - a cursed ring of flight
 C - an amulet of reflection (around neck)
 G - a +4 ring of evasion (right hand)
 O - an uncursed amulet of guardian spirit {unknown}
 Q - a +4 ring of protection (left hand)
Wands
 a - a wand of enslavement (7)
 g - a wand of digging (3)
 p - a wand of flame (28)
 A - a wand of disintegration (30)
Scrolls
 b - a scroll of enchant weapon
 d - 9 scrolls of magic mapping
 e - 4 scrolls of fear
 h - a scroll of holy word
 l - 7 scrolls of teleportation
 m - a scroll of identify
 u - 16 scrolls of remove curse
 z - 2 scrolls of brand weapon
 L - a scroll of silence
 S - 4 scrolls of amnesia
Potions
 i - a potion of brilliance
 w - a potion of curing
 x - a potion of cancellation
 J - a potion of might


   Skills:
 + Level 12.6 Fighting
 + Level 11.1 Short Blades
 + Level 11.1 Long Blades
 + Level 11.9 Axes
 + Level 11.1 Maces & Flails
 + Level 11.1 Polearms
 + Level 11.1 Staves
 + Level 11.1 Slings
 + Level 11.1 Bows
 + Level 11.1 Crossbows
 + Level 11.1 Throwing
 + Level 11.1 Armour
 + Level 11.9 Dodging
 + Level 14.0 Stealth
 + Level 11.1 Shields
 + Level 11.1 Unarmed Combat
 + Level 11.1 Spellcasting
 + Level 9.4 Conjurations
 + Level 9.4 Hexes
 + Level 9.4 Summonings
 + Level 9.4 Necromancy
 + Level 9.4 Translocations
 + Level 9.4 Transmutations
 + Level 9.4 Fire Magic
 + Level 9.4 Ice Magic
 + Level 9.4 Air Magic
 + Level 9.4 Earth Magic
 + Level 9.4 Poison Magic
 + Level 12.0 Invocations
 + Level 11.1 Evocations


You had 28 spell levels left.
You knew the following spells:

 Your Spells              Type           Power        Failure   Level
a - Iskenderun's Mystic   Conj/Tloc      ####....     5%          4
b - Fireball              Conj/Fire      ####......   16%         5

Your spell library contained the following spells:

 Spells                   Type           Power        Failure   Level
 Apportation              Tloc           ####..       1%          1
 Corona                   Hex            ####...      1%          1
 Foxfire                  Conj/Fire      ####         1%          1
 Magic Dart               Conj           ####         1%          1
 Ensorcelled Hibernation  Hex/Ice        ####..       1%          2
 Passwall                 Tmut/Erth      ####....     1%          2
 Searing Ray              Conj           ####..       1%          2
 Swiftness                Air            ####....     1%          2
 Confusing Touch          Hex            ####....     1%          3
 Conjure Flame            Conj/Fire      ####....     1%          3
 Dazzling Flash           Conj/Hex       ####..       1%          3
 Gell's Gravitas          Tloc           ####......   1%          3
 Inner Flame              Hex/Fire       ####....     1%          3
 Lesser Beckoning         Tloc           ####......   1%          3
 Tukima's Dance           Hex            ####....     1%          3
 Cause Fear               Hex            ####......   5%          4
 Fulminant Prism          Conj/Hex       ####......   5%          4
 Passage of Golubria      Tloc           N/A          5%          4
 Petrify                  Tmut/Erth      ####....     5%          4
 Sticky Flame             Conj/Fire      ####....     5%          4
 Alistair's Intoxication  Tmut/Pois      ####.....    16%         5
 Lee's Rapid Deconstruct  Erth           ####......   16%         5
 Metabolic Englaciation   Hex/Ice        ####......   16%         5
 Silence                  Hex/Air        ####......   16%         5
 Yara's Violent Unravell  Hex/Tmut       ####......   16%         5
 Invisibility             Hex            ####....     63%         6
 Discord                  Hex            ####......   100%        8


Dungeon Overview and Level Annotations

Branches:
Dungeon (15/15)            Temple (1/1) D:5            Lair (6/6) D:8
 Shoals (3/4) Lair:3       Spider (0/4) Lair:4        Slime (0/5) Lair:5
    Orc (2/2) D:9             Elf (0/3) Orc:2        Vaults (0/5) D:14
 Depths: D:15

Altars:
Ashenzari
Cheibriados
Dithmenos
Elyvilon
Fedhas
Gozag
Hepliaklqana
Kikubaaqudgha
Makhleb
Nemelex Xobeh
Okawaru
Qazlal
Ru
Sif Muna
Trog
Uskayaw
Vehumet
Wu Jian
Xom
Yredelemnul
Zin
The Shining One
Beogh
Jiyva

Shops:
D:6 =?[}=   D:7 *   Orc:1 *   Orc:2 [*([

Annotations:
Lair:1 exclusion: 2 oklob plants
Lair:6 exclusion: oklob plant
Shoals:3 Mara


Innate Abilities, Weirdness & Mutations

Your experience applies equally to all skills.
You have very sharp teeth.
Your uncanny sense of smell can sniff out nearby items.
You possess an exceptional clarity of mind.
You are frail. (-10% HP)


Message History

The sea snake looks frightened!
The merfolk aquamancer casts a spell.
The merfolk aquamancer blinks!
You block the water nymph's attack.
The merfolk aquamancer mumbles some strange words.
The merfolk aquamancer blinks!
As you read the scroll of teleportation, it crumbles to dust.
You feel strangely unstable.
The water nymph gestures at you while chanting.
The water swirls and strikes you.
The merfolk aquamancer casts a spell.
The merfolk aquamancer blinks!
You feel better.
The merfolk shouts!
The water nymph completely misses you.
The merfolk aquamancer casts a spell.
The merfolk aquamancer blinks!
The water nymph touches you!
* * * LOW HITPOINT WARNING * * *
The water nymph drowns you!
You die...

?.≈≈≈≈≈≈≈≈≈≈≈≈≈≈≈≈≈
≈.≈≈≈≈≈≈≈≈≈≈≈≈≈≈≈≈≈
..≈≈≈≈≈≈≈≈≈≈≈≈≈≈≈≈≈≈≈≈
#.≈≈≈≈≈≈≈≈≈≈≈≈≈≈≈≈≈≈≈≈
##.≈≈≈≈≈≈≈≈≈≈≈≈≈≈≈≈≈≈≈≈≈
..≈≈≈≈≈≈≈≈≈≈≈≈≈≈≈≈≈≈≈≈≈≈
.≈.≈≈≈≈≈≈≈m≈≈≈≈≈≈≈≈≈≈≈≈≈
...≈≈≈≈≈†≈m≈.≈≈≈≈≈≈≈≈≈≈≈
...≈≈≈≈≈≈≈@....≈≈≈≈≈≈≈≈≈
≈≈..≈≈≈≈≈.†##...≈≈≈≈≈≈≈≈
≈≈≈≈≈≈≈≈≈.^##...≈≈≈≈≈≈≈≈≈
≈≈≈≈≈≈≈≈≈....≈≈≈≈≈≈≈≈≈≈≈≈
.S≈≈≈≈≈m≈≈≈≈≈.≈≈.≈≈≈≈≈≈≈≈≈
≈≈≈≈k≈≈≈.≈≈≈≈≈....≈≈≈≈≈≈≈≈
≈≈≈≈≈≈..≈≈..≈§≈...≈≈≈≈≈≈≈≈≈≈
≈≈≈≈≈≈...≈..≈≈≈.....≈≈≈≈≈≈≈≈
≈≈.≈≈≈...≈............≈≈≈≈≈≈


You could see a merfolk aquamancer (fleeing), a wind drake (repels missiles,
fleeing), a merfolk and a water nymph.

Vanquished Creatures
  Saint Roka (Orc:2)
  Frances (Shoals:1)
  Ilsuiw (Shoals:2)
  An orc warlord (Orc:1)
  Louise (Shoals:1)
  2 entropy weavers (D:12)
  Nessos (Orc:2)
  Snorg (D:10)
  2 ettins (D:14)
  4 merfolk impalers
  2 merfolk javelineers
  Josephine (Lair:5)
  A fire dragon (Lair:6)
  4 vault guards (D:14)
  7 hydras
  Harold (D:9)
  An ice dragon (Lair:6)
  6 centaur warriors
  A satyr (Shoals:3)
  2 orc high priests (Orc:2)
  A queen ant (D:12)
  2 tengu warriors (D:14)
  6 death yaks (Lair:5)
  Urug (Lair:1)
  2 sea snakes
  An unseen horror (D:8)
  A swamp dragon (Lair:6)
  14 harpies
  3 ugly things (D:14)
  A lindwurm (Lair:6)
  A deep elf mage (D:14)
  5 manticores
  4 orc knights
  4 orc sorcerers
  11 fauns
  3 cyclopes
  3 black mambas
  3 merfolk sirens
  15 elephants
  Joseph (D:9)
  3 water nymphs
  6 cane toads
  5 torpor snails (Lair:6)
  4 rime drakes
  5 komodo dragons
  A harpy zombie (D:14)
  A polar bear (D:13)
  12 trolls
  3 meliai
  Grinder (D:6)
  3 wind drakes
  10 merfolk
  4 tyrant leeches (Lair:6)
  4 slime creatures
  7 hornets (Lair:6)
  12 hippogriffs
  3 blink frogs (Lair:1)
  16 dream sheep
  A snapping turtle (Shoals:3)
  A centaur simulacrum (D:13)
  8 wraiths
  2 redbacks (Lair:4)
  Grum (D:9)
  6 water elementals
  36 yaks
  2 wyverns
  7 basilisks
  A steam dragon (Lair:6)
  2 wargs
  4 vampire mosquitoes
  6 water moccasins
  17 soldier ants (D:12)
  7 acid dragons
  11 porcupines
  39 orc warriors
  A swamp drake (Lair:6)
  A sky beast (D:10)
  3 phantoms
  2 black bears
  A necrophage (D:12)
  4 ice beasts
  14 ogres
  3 eyes of draining
  11 wolves
  14 centaurs
  18 crocodiles
  2 big kobolds
  13 bullfrogs
  A gnoll sergeant (Orc:1)
  2 wyvern zombies
  10 scorpions
  7 killer bees (D:11)
  4 wights
  A howler monkey (D:13)
  A bullfrog zombie (D:6)
  4 electric eels
  A quasit (D:7)
  7 centaur zombies
  4 hounds
  29 orc priests
  4 jellies
  Crazy Yiuf (D:6)
  2 bullfrog skeletons
  6 iguanas
  34 orc wizards
  31 worker ants
  A bullfrog simulacrum (D:13)
  A hound zombie (D:5)
  A hound skeleton (D:9)
  Robin (D:3)
  16 adders
  13 gnolls
  2 shadow imps (D:5)
  17 white imps
  4 ufetubi
  An ooze (D:2)
  An adder zombie (D:9)
  3 adder skeletons
  A dart slug (D:1)
  3 leopard geckos
  102 orcs
  4 giant cockroaches
  15 goblins
  12 hobgoblins
  7 jackals
  16 kobolds
  5 quokkas
  A ball python (D:2)
  A bat (D:2)
  4 frilled lizards
  A leopard gecko skeleton (D:6)
  6 rats
849 creatures vanquished.

Vanquished Creatures (others)
  A manticore (Shoals:1)
  A kobold (D:13)
  4 fungi
  45 plants
  9 tentacles (Shoals:3)
60 creatures vanquished.

Grand Total: 909 creatures vanquished

Notes
Turn   | Place    | Note
-------+----------+-------------------------------------------
     0 | D:5      | Reached skill level 9 in Stealth
     0 | D:5      | kobby the Gnoll Delver began the quest for the Orb.
     0 | D:5      | Reached XP level 1. HP: 23/23 MP: 1/1
   191 | D:5      | Noticed a scorpion
   197 | D:5      | Killed a scorpion
   197 | D:5      | Reached skill level 1 in Short Blades
   197 | D:5      | Reached skill level 1 in Long Blades
   197 | D:5      | Reached skill level 1 in Maces & Flails
   197 | D:5      | Reached skill level 1 in Polearms
   197 | D:5      | Reached skill level 1 in Staves
   197 | D:5      | Reached skill level 1 in Slings
   197 | D:5      | Reached skill level 1 in Bows
   197 | D:5      | Reached skill level 1 in Crossbows
   197 | D:5      | Reached skill level 1 in Throwing
   197 | D:5      | Reached skill level 1 in Armour
   197 | D:5      | Reached skill level 1 in Shields
   197 | D:5      | Reached skill level 1 in Unarmed Combat
   197 | D:5      | Reached skill level 1 in Spellcasting
   197 | D:5      | Reached skill level 1 in Invocations
   197 | D:5      | Reached skill level 1 in Evocations
   197 | D:5      | Reached XP level 2. HP: 23/29 MP: 1/3
   197 | D:5      | Reached XP level 3. HP: 28/35 MP: 1/4
   326 | D:2      | Reached XP level 4. HP: 30/41 MP: 5/5
  1285 | D:2      | Reached skill level 1 in Conjurations
  1285 | D:2      | Reached skill level 1 in Hexes
  1285 | D:2      | Reached skill level 1 in Summonings
  1285 | D:2      | Reached skill level 1 in Necromancy
  1285 | D:2      | Reached skill level 1 in Translocations
  1285 | D:2      | Reached skill level 1 in Transmutations
  1285 | D:2      | Reached skill level 1 in Fire Magic
  1285 | D:2      | Reached skill level 1 in Ice Magic
  1285 | D:2      | Reached skill level 1 in Air Magic
  1285 | D:2      | Reached skill level 1 in Earth Magic
  1285 | D:2      | Reached skill level 1 in Poison Magic
  1446 | D:2      | Found a sacrificial altar of Ru.
  1710 | D:3      | Reached XP level 5. HP: 41/47 MP: 6/6
  2190 | D:3      | Reached XP level 6. HP: 42/53 MP: 8/8
  2283 | D:3      | Noticed Robin
  2305 | D:3      | Killed Robin
  2427 | D:3      | Found a faded altar of an unknown god.
  2706 | D:4      | Found a hide-covered altar of Uskayaw.
  2718 | D:4      | Noticed a +0 hand axe
  2719 | D:4      | Noticed a +0 hand axe
  2733 | D:4      | Reached skill level 5 in Axes
  2733 | D:4      | Reached skill level 5 in Dodging
  3449 | D:4      | Found a blossoming altar of Fedhas.
  3449 | D:4      | Found a shimmering blue altar of Sif Muna.
  3821 | D:5      | Reached XP level 7. HP: 39/59 MP: 10/10
  3999 | D:5      | Found a staircase to the Ecumenical Temple.
  4102 | Temple   | Entered the Ecumenical Temple
  4174 | Temple   | Became a worshipper of Warmaster Okawaru
  5196 | D:6      | Reached skill level 10 in Stealth
  5196 | D:6      | Reached XP level 8. HP: 58/67 MP: 12/12
  5241 | D:6      | Found Deymnaut's Magic Scroll Shoppe.
  5265 | D:6      | Found Eliseitz's Gadget Boutique.
  5315 | D:6      | Found Sewniockuo's Jewellery Shoppe.
  5319 | D:6      | Bought an uncursed amulet of reflection for 330 gold pieces
  5347 | D:6      | Found a sacrificial altar of Ru.
  5446 | D:6      | Found Liodoal's Armour Shoppe.
  5486 | D:6      | Found a blossoming altar of Fedhas.
  5534 | D:6      | Reached * piety under Okawaru
  5569 | D:6      | Noticed Grinder
  5595 | D:6      | Killed Grinder
  5603 | D:6      | Gained mutation: Your spells are a little easier to cast,
                  | but a little less powerful. [potion of mutation]
  5603 | D:6      | Gained mutation: You have sharp toenails. [potion of
                  | mutation]
  5603 | D:6      | Gained mutation: Scrolls take you a little longer to read.
                  | [potion of mutation]
  5603 | D:6      | Gained mutation: You are surrounded by a mild repulsion
                  | field. (EV +2) [potion of mutation]
  5740 | D:6      | Found a runed translucent door.
  5741 | D:6      | Noticed Crazy Yiuf
  5835 | D:6      | Found Ugyg's Jewellery Emporium.
  5947 | D:6      | Killed Crazy Yiuf
  6083 | D:7      | Noticed a hippogriff
  6095 | D:7      | Killed a hippogriff
  6095 | D:7      | Reached ** piety under Okawaru
  6159 | D:7      | Reached XP level 9. HP: 72/72 MP: 14/14
  6512 | D:7      | Found Odeci's Assorted Antiques.
  7167 | D:8      | HP: 3/74 [acid dragon (5)]
  7168 | D:8      | Reached *** piety under Okawaru
  7551 | D:9      | Found a shattered altar of Ashenzari.
  7593 | D:9      | Noticed Joseph
  7605 | D:9      | Killed Joseph
  7819 | D:9      | Reached skill level 5 in Invocations
  8396 | D:9      | Noticed Grum
  8397 | D:9      | Noticed Harold
  8433 | D:9      | Reached XP level 10. HP: 67/80 MP: 17/17
  8449 | D:9      | Reached **** piety under Okawaru
  8471 | D:9      | Killed Grum
  8471 | D:9      | Reached skill level 5 in Short Blades
  8471 | D:9      | Reached skill level 5 in Long Blades
  8471 | D:9      | Reached skill level 5 in Maces & Flails
  8471 | D:9      | Reached skill level 5 in Polearms
  8471 | D:9      | Reached skill level 5 in Staves
  8471 | D:9      | Reached skill level 5 in Slings
  8471 | D:9      | Reached skill level 5 in Bows
  8471 | D:9      | Reached skill level 5 in Crossbows
  8471 | D:9      | Reached skill level 5 in Throwing
  8471 | D:9      | Reached skill level 5 in Armour
  8471 | D:9      | Reached skill level 5 in Shields
  8471 | D:9      | Reached skill level 5 in Unarmed Combat
  8471 | D:9      | Reached skill level 5 in Spellcasting
  8471 | D:9      | Reached skill level 5 in Evocations
  8941 | D:9      | Killed Harold
  9189 | D:9      | Found a staircase to the Orcish Mines.
  9213 | D:9      | Got a bloodstained scale mail
  9216 | D:9      | Identified the +1 scale mail "Zeomaken" {rElec rPois Str-4
                  | Int-3} (You found it on level 9 of the Dungeon)
  9312 | D:10     | Entered Level 10 of the Dungeon
  9838 | D:10     | Reached ***** piety under Okawaru
  9838 | D:10     | Received a gift from Okawaru
  9977 | D:10     | Noticed Snorg
 10015 | D:10     | Killed Snorg
 10015 | D:10     | Received a gift from Okawaru
 10015 | D:10     | Reached skill level 11 in Stealth
 10380 | D:10     | Reached XP level 11. HP: 85/87 MP: 19/19
 10629 | D:11     | Received a gift from Okawaru
 10756 | D:11     | Reached skill level 5 in Conjurations
 10756 | D:11     | Reached skill level 5 in Hexes
 10756 | D:11     | Reached skill level 5 in Summonings
 10756 | D:11     | Reached skill level 5 in Necromancy
 10756 | D:11     | Reached skill level 5 in Translocations
 10756 | D:11     | Reached skill level 5 in Transmutations
 10756 | D:11     | Reached skill level 5 in Fire Magic
 10756 | D:11     | Reached skill level 5 in Ice Magic
 10756 | D:11     | Reached skill level 5 in Air Magic
 10756 | D:11     | Reached skill level 5 in Earth Magic
 10756 | D:11     | Reached skill level 5 in Poison Magic
 10838 | D:11     | Noticed a manticore
 10849 | D:11     | Killed a manticore
 10966 | D:11     | Noticed a four-headed hydra
 10977 | D:11     | Killed a one-headed hydra
 10977 | D:11     | Received a gift from Okawaru
 10978 | D:11     | Got a pair of scorched gloves {god gift}
 10981 | D:11     | Identified the +0 pair of gloves of Anarchy {rElec rN+}
                  | (Okawaru gifted it to you on level 11 of the Dungeon)
 11642 | D:11     | Noticed a white ugly thing
 12280 | D:12     | Reached XP level 12. HP: 96/96 MP: 22/22
 12328 | D:12     | Noticed an entropy weaver
 12668 | D:12     | Noticed an entropy weaver
 12682 | D:12     | Killed an entropy weaver
 12682 | D:12     | Reached ****** piety under Okawaru
 12942 | D:12     | Received a gift from Okawaru
 13005 | D:12     | Noticed a queen ant
 13034 | D:12     | Killed a queen ant
 13050 | D:12     | Killed an entropy weaver
 13514 | D:12     | Reached skill level 10 in Fighting
 13757 | D:12     | You fall into a shaft and drop 2 floors!
 13768 | D:14     | Noticed a centaur warrior
 13771 | D:14     | Killed a centaur warrior
 13833 | D:14     | Noticed a tengu warrior
 13844 | D:14     | Noticed a centaur warrior
 13850 | D:14     | Noticed a tengu warrior
 13887 | D:13     | Noticed a centaur warrior
 13889 | D:13     | Reached skill level 12 in Stealth
 13905 | D:13     | Killed a centaur warrior
 13905 | D:13     | Received a gift from Okawaru
 13906 | D:13     | Got an ancient glaive {god gift}
 14238 | D:13     | Identified the +7 glaive of Collusion {venom, rElec MR+
                  | Dex+3} (Okawaru gifted it to you on level 13 of the
                  | Dungeon)
 14433 | D:13     | Noticed a centaur warrior
 14443 | D:13     | Killed a centaur warrior
 14443 | D:13     | Reached XP level 13. HP: 102/103 MP: 24/24
 15689 | D:14     | Received a gift from Okawaru
 15741 | D:14     | Found a hazy altar of Hepliaklqana.
 15817 | D:14     | Found a gate to the Vaults.
 15817 | D:14     | Noticed a vault guard
 15817 | D:14     | Noticed a vault guard
 15817 | D:14     | Noticed a vault guard
 15818 | D:14     | Noticed a vault guard
 15838 | D:14     | Killed a vault guard
 15852 | D:14     | Killed a vault guard
 15859 | D:14     | Killed a vault guard
 15880 | D:14     | Killed a vault guard
 16561 | D:14     | Noticed an ettin
 16561 | D:14     | Noticed an ettin
 16576 | D:14     | Killed an ettin
 16590 | D:14     | Killed an ettin
 17146 | D:15     | Entered Level 15 of the Dungeon
 17162 | D:15     | Found an opulent altar of Gozag.
 17226 | D:14     | Received a gift from Okawaru
 17804 | D:8      | Found a staircase to the Lair.
 18460 | D:8      | Reached XP level 14. HP: 107/111 MP: 26/26
 18558 | D:8      | Found a bloodstained altar of Trog.
 18674 | Lair:1   | Entered Level 1 of the Lair of Beasts
 18776 | Lair:1   | Received a gift from Okawaru
 18777 | Lair:1   | Got a shimmering lajatang {god gift}
 18780 | Lair:1   | Identified the +4 lajatang of Luxtil {pain, rElec MR+ Int+3
                  | Dex-2} (Okawaru gifted it to you on level 1 of the Lair of
                  | Beasts)
 18787 | Lair:1   | Reached skill level 10 in Axes
 18787 | Lair:1   | Reached skill level 10 in Dodging
 19525 | Lair:1   | Noticed Urug
 19534 | Lair:1   | Killed Urug
 19620 | Lair:1   | Learned a level 4 spell: Iskenderun's Mystic Blast
 20062 | Lair:2   | Reached skill level 10 in Invocations
 20725 | Lair:3   | Received a gift from Okawaru
 21318 | Lair:3   | Found a staircase to the Shoals.
 21430 | Lair:4   | Found an iron altar of Okawaru.
 21811 | Lair:4   | Found a hole to the Spider Nest.
 21898 | Lair:4   | Lost mutation: You have sharp toenails. [potion of
                  | mutation]
 21898 | Lair:4   | Lost mutation: You are surrounded by a mild repulsion
                  | field. (EV +2) [potion of mutation]
 21898 | Lair:4   | Lost mutation: Scrolls take you a little longer to read.
                  | [potion of mutation]
 21898 | Lair:4   | Lost mutation: Your spells are a little easier to cast, but
                  | a little less powerful. [potion of mutation]
 21898 | Lair:4   | Gained mutation: You are frail. (-10% HP) [potion of
                  | mutation]
 21898 | Lair:4   | Gained mutation: You possess an exceptional clarity of
                  | mind. [potion of mutation]
 21910 | Lair:4   | Reached skill level 13 in Stealth
 22229 | Lair:5   | Found a viscous altar of Jiyva.
 22245 | Lair:5   | Found a staircase to the Slime Pits.
 22784 | Lair:5   | Noticed Josephine
 22797 | Lair:5   | Killed Josephine
 22987 | Lair:5   | Received a gift from Okawaru
 22987 | Lair:5   | Reached XP level 15. HP: 92/107 MP: 28/28
 23560 | Lair:6   | Entered Level 6 of the Lair of Beasts
 24744 | Lair:6   | Reached skill level 10 in Short Blades
 24744 | Lair:6   | Reached skill level 10 in Long Blades
 24744 | Lair:6   | Reached skill level 10 in Maces & Flails
 24744 | Lair:6   | Reached skill level 10 in Polearms
 24744 | Lair:6   | Reached skill level 10 in Staves
 24744 | Lair:6   | Reached skill level 10 in Slings
 24744 | Lair:6   | Reached skill level 10 in Bows
 24744 | Lair:6   | Reached skill level 10 in Crossbows
 24744 | Lair:6   | Reached skill level 10 in Throwing
 24744 | Lair:6   | Reached skill level 10 in Armour
 24744 | Lair:6   | Reached skill level 10 in Shields
 24744 | Lair:6   | Reached skill level 10 in Unarmed Combat
 24744 | Lair:6   | Reached skill level 10 in Spellcasting
 24744 | Lair:6   | Reached skill level 10 in Evocations
 25065 | Lair:6   | Found a runed translucent door.
 25638 | Lair:6   | Paralysed by a hornet for 2 turns
 26180 | Orc:1    | Entered Level 1 of the Orcish Mines
 26210 | Orc:1    | Received a gift from Okawaru
 26442 | Orc:1    | Found a roughly hewn altar of Beogh.
 26890 | Orc:1    | Found Siarem's Assorted Antiques.
 26893 | Orc:1    | Bought shimmering ice dragon scales for 1820 gold pieces
 26909 | Orc:1    | Identified the +8 ice dragon scales of Precision
                  | Catastrophes {rF- rC++ Dex+3 SInv} (You bought it in a shop
                  | on level 1 of the Orcish Mines)
 27264 | Orc:2    | Entered Level 2 of the Orcish Mines
 27314 | Orc:2    | Found a staircase to the Elven Halls.
 27471 | Orc:2    | Noticed an orc warlord
 27504 | Orc:2    | Paralysed by an orc sorcerer for 2 turns
 27527 | Orc:1    | Killed an orc warlord
 27728 | Orc:2    | Noticed Nessos
 27740 | Orc:2    | Killed Nessos
 27882 | Orc:2    | Noticed Saint Roka
 28238 | Orc:2    | Found a roughly hewn altar of Beogh.
 28270 | Orc:2    | Found Wuluf's General Store.
 28278 | Orc:2    | Bought 2 potions of heal wounds for 140 gold pieces
 28464 | Orc:2    | Found a roughly hewn altar of Beogh.
 28464 | Orc:2    | Found Toellaro's Armour Shop.
 28614 | Orc:2    | Killed Saint Roka
 28614 | Orc:2    | Received a gift from Okawaru
 28614 | Orc:2    | Reached XP level 16. HP: 50/114 MP: 30/30
 28841 | Orc:2    | Found Pomicwey's Antique Armour Shoppe.
 28842 | Orc:2    | Found a roughly hewn altar of Beogh.
 28843 | Orc:2    | Found Ohoremo Tyoz's Antique Weapon Emporium.
 28859 | Orc:2    | Bought a glowing helmet for 172 gold pieces
 29069 | Orc:2    | Found a roughly hewn altar of Beogh.
 29128 | Orc:2    | Found a roughly hewn altar of Beogh.
 29320 | Orc:2    | Learned a level 5 spell: Fireball
 29461 | Shoals:1 | Entered Level 1 of the Shoals
 29470 | Shoals:1 | Received a gift from Okawaru
 30000 | Shoals:1 | Noticed Louise
 30010 | Shoals:1 | Killed Louise
 30823 | Shoals:2 | Noticed Ilsuiw
 31353 | Shoals:3 | Received a gift from Okawaru
 31354 | Shoals:3 | Got a fine chain mail {god gift}
 31355 | Shoals:3 | Noticed a kraken
 31556 | Shoals:2 | Killed Ilsuiw
 31565 | Shoals:2 | Reached skill level 14 in Stealth
 31866 | Shoals:3 | Noticed Mara
 31892 | Shoals:3 | Noticed kobby's illusion
 32260 | Shoals:1 | Noticed Frances
 32278 | Shoals:1 | Killed Frances
 32618 | Shoals:2 | HP: 2/116 [water nymph/the raging water (18)]
 32623 | Shoals:2 | Drowned by a water nymph

Illustrated notes

Levels and vault maps discovered:
D:1:      scummos_arrival_simple_fountains, layout_basic
D:2:      layout_rooms, nicolae_ru_awakened_eye
D:3:      layout_basic, chequers_ecumenical_altar_lobes, uniq_robin
D:4:      layout_basic, dancing_weapons_uskayaw,
          amethyst_overflow_temple_binary, gup_sewer_entry_glass
D:5:      layout_gridville, minmay_temple_entry_stoned_glass
D:6:      layout_loops_ring, serial_shops, shop, shop, shop_fountains, shop,
          nicolae_shop_behind_doors, basic_altar, fedhas_altar_2, uniq_grinder,
          uniq_crazy_yiuf_cottage
D:7:      minmay_evil_eye, layout_cave_pools, serial_shops, kennysheep_mini_moat
D:8:      layout_layer_cave, lemuel_coloured_pillars_altar, lair_entry_dummy,
          water_maze_lemuel
D:9:      layout_gridville, ashenzari_conservatory_becter, orc_0_dummy,
          uniq_harold, uniq_joseph, uniq_grum
D:10:     layout_roguey, uniq_snorg
D:11:     layout_loops_ring, grunt_ministairs_12
D:12:     layout_cave_pods, serial_glass, glass_columns_a, glass_columns_a,
          glass_columns_b, glass_columns_a, glass_columns_b, glass_columns_b,
          zaba_anthell
D:13:     layout_gridville, serial_ice, serial_ice_n, serial_ice_f,
          serial_ice_e, serial_ice_h, serial_ice_k, serial_ice_o, serial_ice_c,
          serial_ice_g, portal_ice_cave_entry_imps
D:14:     layout_basic, lightli_vaults_fourway_checkpoint, basic_altar,
          minivault_25_ag
D:15:     grunt_enter_depths_magical_seal, layout_layer_cave,
          nicolae_gozag_seed_capital
Temple:   compressed_dpeg_circular_temple
Lair:1:   minmay_lair_oklob_tunnel, layout_long_grid, grunt_forest_stairs_basic,
          grunt_megastairs_5, uniq_urug
Lair:2:   layout_regular_city
Lair:3:   layout_regular_city, shoals_dummy_entry, serial_bayou_shore_b,
          lemuel_fruit_tree
Lair:4:   layout_hall_layers, spider_nest_entry_webs, basic_altar,
          infiniplex_staircase_pool_2
Lair:5:   layout_regular_city, slime_altar_1, grunt_megastairs_4,
          infiniplex_staircase_pool, uniq_josephine
Lair:6:   guppyfry_lair_end_dragon, layout_gridlike, wormcave
Shoals:1: layout_shoals, nicolae_shoals_loop_pool, uniq_louise, uniq_frances
Shoals:2: layout_shoals, nicolae_shoals_c_island, uniq_ilsuiw
Shoals:3: layout_shoals, uniq_roxanne, uniq_mara, uniq_nikola, uniq_polyphemus
Orc:1:    cheibrodos_orc_arena, layout_caves, serial_shops,
          nicolae_shop_window_shopping, basic_altar, rock_pile
Orc:2:    grunt_orc_community_town_hall, layout_caves,
          grunt_orc_community_big_house_1, grunt_orc_community_big_house_1,
          grunt_orc_community_house_3, grunt_orc_community_house_3,
          grunt_orc_community_house_1, grunt_orc_community_house_2,
          grunt_orc_community_house_3, uniq_nessos

Skill      XL: |  1  2  3  4  5  6  7  8  9 10 11 12 13 14 15 16 |
---------------+-------------------------------------------------+-----
Stealth        | 10 11 12 13 14 | 14.0
Short Blades   | 1 2 3 4 5 6 7 8 9 10 11 | 11.1
Long Blades    | 1 2 3 4 5 6 7 8 9 10 11 | 11.1
Maces & Flails | 1 2 3 4 5 6 7 8 9 10 11 | 11.1
Polearms       | 1 2 3 4 5 6 7 8 9 10 11 | 11.1
Staves         | 1 2 3 4 5 6 7 8 9 10 11 | 11.1
Slings         | 1 2 3 4 5 6 7 8 9 10 11 | 11.1
Bows           | 1 2 3 4 5 6 7 8 9 10 11 | 11.1
Crossbows      | 1 2 3 4 5 6 7 8 9 10 11 | 11.1
Throwing       | 1 2 3 4 5 6 7 8 9 10 11 | 11.1
Armour         | 1 2 3 4 5 6 7 8 9 10 11 | 11.1
Shields        | 1 2 3 4 5 6 7 8 9 10 11 | 11.1
Unarmed Combat | 1 2 3 4 5 6 7 8 9 10 11 | 11.1
Spellcasting   | 1 2 3 4 5 6 7 8 9 10 11 | 11.1
Invocations    | 1 2 3 4 5 6 7 8 9 10 11 12 | 12.0
Evocations     | 1 2 3 4 5 6 7 8 9 10 11 | 11.1
Conjurations   | 1 2 3 4 5 6 7 8 9 |  9.4
Hexes          | 1 2 3 4 5 6 7 8 9 |  9.4
Summonings     | 1 2 3 4 5 6 7 8 9 |  9.4
Necromancy     | 1 2 3 4 5 6 7 8 9 |  9.4
Translocations | 1 2 3 4 5 6 7 8 9 |  9.4
Transmutations | 1 2 3 4 5 6 7 8 9 |  9.4
Fire Magic     | 1 2 3 4 5 6 7 8 9 |  9.4
Ice Magic      | 1 2 3 4 5 6 7 8 9 |  9.4
Air Magic      | 1 2 3 4 5 6 7 8 9 |  9.4
Earth Magic    | 1 2 3 4 5 6 7 8 9 |  9.4
Poison Magic   | 1 2 3 4 5 6 7 8 9 |  9.4
Axes           | 5 6 7 8 9 10 11 | 11.9
Dodging        | 5 6 7 8 9 10 11 | 11.9
Fighting       | 7 8 9 10 11 12 | 12.6

Action                   |  1- 3 |  4- 6 |  7- 9 | 10-12 | 13-15 | 16-18 || total
-------------------------+-------+-------+-------+-------+-------+-------++-------
Melee: Hand axe          |    27 |   233 |   299 |   477 |       |       ||  1036
       Bite              |     1 |    26 |    56 |   174 |   235 |    63 ||   555
       Kick              |       |       |    84 |    20 |       |       ||   104
       Short sword       |       |       |    30 |   350 |       |       ||   380
       Demon blade       |       |       |       |   214 |  1420 |   336 ||  1970
 Cast: Iskenderun's Myst |       |       |       |       |     6 |     4 ||    10
       Fireball          |       |       |       |       |       |    33 ||    33
Invok: Heroism           |       |       |       |       |     1 |     1 ||     2
       Finesse           |       |       |       |       |     1 |     1 ||     2
Evoke: Wand              |       |       |       |    21 |     8 |       ||    29
  Use: Scroll            |       |     3 |     6 |    11 |    15 |     4 ||    39
       Potion            |       |       |    13 |     9 |     8 |    12 ||    42
 Stab: Sleeping          |     3 |    11 |     7 |    14 |    33 |     3 ||    71
       Invisible         |       |       |       |     1 |       |       ||     1
       Distracted        |       |       |       |     2 |     7 |     2 ||    11
       Confused          |       |       |       |       |     1 |       ||     1
Armor: Leather armour    |     4 |    11 |       |       |       |       ||    15
       Plate armour      |       |   102 |    93 |       |       |       ||   195
       Pearl dragon scal |       |       |    49 |   251 |   415 |       ||   715
       Skin              |       |       |       |    12 |       |       ||    12
       Ice dragon scales |       |       |       |       |    69 |   159 ||   228
Dodge: Dodged            |    27 |    33 |    54 |   290 |   795 |   391 ||  1590
Block: Tower shield      |       |   131 |   329 |  1083 |   115 |       ||  1658
       Reflection        |       |       |     8 |    24 |    54 |    36 ||   122
       Kite shield       |       |       |       |       |   618 |       ||   618
       Buckler           |       |       |       |       |   486 |   338 ||   824
       Rpst.: Demon blade |       |       |       |    17 |   173 |    78 ||   268

Table legend: (Time is in decaauts)
 A = Elapsed time spent in this place.
 B = Non-inter-level travel time spent in this place.
 C = Inter-level travel time spent in this place.
 D = Time resting spent in this place.
 E = Time spent auto-exploring this place.
 F = Levels seen in this place.
 G = Mean time per level.
                   A        B        C        D        E       F      G
               +--------+--------+--------+--------+--------+-----+--------+
         Total |  32458 |  31604 |    854 |   7564 |  16000 |  27 | 1202.1 |
       Dungeon |  18673 |  18051 |    622 |   4181 |   9293 |  15 | 1244.9 |
        Temple |    113 |    113 |      0 |      0 |     99 |   1 |  113.0 |
          Lair |   7426 |   7229 |    197 |   1307 |   4403 |   6 | 1237.7 |
        Shoals |   3142 |   3142 |      0 |   1075 |   1139 |   3 | 1047.3 |
  Orcish Mines |   3102 |   3068 |     34 |   1001 |   1064 |   2 | 1551.0 |
               +--------+--------+--------+--------+--------+-----+--------+

Top non-repeatable levels by time:
  Lair:6: 2503 daAuts
    D:12: 2137 daAuts
     D:8: 2113 daAuts
Shoals:1: 1982 daAuts
    D:14: 1923 daAuts
     D:9: 1825 daAuts
   Orc:2: 1621 daAuts
     D:5: 1591 daAuts
   Orc:1: 1480 daAuts
    D:11: 1443 daAuts
  Lair:5: 1316 daAuts
    D:13: 1249 daAuts
    D:10: 1213 daAuts
     D:3: 1062 daAuts
  Lair:1: 1052 daAuts
